 Dungeon Crawl Stone Soup version 0.21.1-1-g345015f (webtiles) character file.

121 Iko the Skirmisher (level 5, 0/50 HPs)
             Began as a Naga Berserker on June 9, 2018.
             Was a Follower of Trog.
             Succumbed to a worker ant's poison
             ... on level 4 of the Dungeon.
             The game lasted 00:03:49 (358 turns).

Iko the Skirmisher (Naga Berserker)                  Turns: 358, Time: 00:03:50

Health: 0/50       AC:  8    Str: 18    XL:     5   Next: 5%
Magic:  1/5        EV:  7    Int:  8    God:    Trog [*.....]
Gold:   51         SH:  0    Dex: 10    Spells: 4/4 levels left

rFire    . . .     SeeInvis +   a - +0 spear
rCold    . . .     Gourm    .   (no shield)
rNeg     . . .     Faith    .   e - +0 chain mail
rPois    +         Spirit   +   b - +2 hat
rElec    .         Reflect  .   (no cloak)
rCorr    .         Harm     .   (no gloves)
MR       .....     Clarity  +   (no barding)
Stlth    ..........             d - amulet of guardian spirit
HPRegen  0.16/turn              (no ring)
MPRegen  0.09/turn              (no ring)

@: lethally poisoned (0 -> -5), berserk cooldown, very slow
A: large, repulsion field 1, see invisible, clarity, deformed body,
deterioration 1, poison resistance, slowness 2, slow metabolism 1, spit poison
1, weak 1, AC +1
a: Spit Poison, Berserk, Burn Spellbooks, Renounce Religion


You were on level 4 of the Dungeon.
You worshipped Trog.
Trog was aware of your devotion.
You were hungry.

You visited 1 branch of the dungeon, and saw 3 of its levels.

You collected 51 gold pieces.

Inventory:

Hand Weapons
 a - a +0 spear (weapon)
Armour
 b - a +2 hat (worn)
 e - a +0 chain mail (worn)
Jewellery
 d - an amulet of guardian spirit (around neck)
Scrolls
 f - a scroll of teleportation {unknown}
Comestibles
 c - 2 rations


   Skills:
 + Level 4.1 Fighting
 + Level 3.9 Polearms
 + Level 2.4 Armour
 + Level 1.9 Dodging


You had 4 spell levels left.
You didn't know any spells.

Dungeon Overview and Level Annotations

Branches:
Dungeon (2/15)

Altars:
Okawaru
Zin


Innate Abilities, Weirdness & Mutations

You cannot wear boots.
Your serpentine skin is tough. (AC +1)
You have supernaturally acute eyesight. (SInv)
Armour fits poorly on your strangely shaped body.
Your system is resistant to poisons. (rPois)
You cover ground very slowly.
You have a slow metabolism.
You can spit poison.
You are surrounded by a mild repulsion field. (EV +2)
You possess an exceptional clarity of mind.
Your body sometimes deteriorates upon taking damage.
You are weak. (Str -2)


Message History

You are feeling hungry.
You barely miss the worker ant.
The worker ant is heavily wounded.
You feel yourself speed up. The worker ant completely misses you.
You hit the worker ant.
The worker ant is almost dead.
The worker ant closely misses you.
You barely miss the worker ant.
The worker ant is almost dead.
The worker ant bites you.
* * * LOW HITPOINT WARNING * * *
You are lethally poisoned!
The worker ant poisons you!
You hit the worker ant.
You kill the worker ant!
Trog accepts your kill.
Your Fighting skill increases to level 4!
You have reached level 5!
You die...

#.###.##...####.......
###.##........ .........
#...##.####.####........
....#..##.....##........
.......#.......#........
....†..#.......#........
..........._.....#
.......#.......#.#
.....#.#.......#@#
.......##.....##†####
...#...####.####....####
..####.................#
## ####...............
###.............
#.............
#.............
##............


There were no monsters in sight!

Vanquished Creatures
  A scorpion (D:4)
  An iguana (D:4)
  A worker ant (D:4)
  A dart slug (D:1)
  2 leopard geckos
  3 bats (D:1)
  4 giant cockroaches (D:1)
  3 quokkas (D:4)
  A frilled lizard (D:4)
  A goblin (D:1)
  A kobold (D:1)
  A rat (D:1)
20 creatures vanquished.

Notes
Turn   | Place    | Note
-------+----------+-------------------------------------------
     0 | D:1      | Iko the Naga Berserker began the quest for the Orb.
     0 | D:1      | Reached XP level 1. HP: 21/21 MP: 1/1
    25 | D:1      | Gained mutation: Your body sometimes deteriorates upon taking damage. [potion of mutation]
    25 | D:1      | Gained mutation: You possess an exceptional clarity of mind. [potion of mutation]
    25 | D:1      | Gained mutation: You are weak. (Str -2) [potion of mutation]
    25 | D:1      | Gained mutation: You are surrounded by a mild repulsion field. (EV +2) [potion of mutation]
   102 | D:1      | Reached XP level 2. HP: 21/28 MP: 2/2
   216 | D:2      | Found an iron altar of Okawaru.
   218 | D:2      | You fall through a shaft for 2 floors!
   227 | D:4      | Reached XP level 3. HP: 6/34 MP: 1/3
   297 | D:4      | Found a glowing silver altar of Zin.
   317 | D:4      | Noticed a scorpion
   325 | D:4      | Killed a scorpion
   325 | D:4      | Reached XP level 4. HP: 12/44 MP: 1/4
   357 | D:4      | HP: 1/44 [worker ant (3)]
   358 | D:4      | Reached skill level 4 in Fighting
   358 | D:4      | Reached XP level 5. HP: 1/50 MP: 1/5
   358 | D:4      | Succumbed to a worker ant's poison

Skill      XL: |  1  2  3  4 |
---------------+-------------+-----
Armour         | 2 |  2.4
Fighting       | 4 |  4.1
Polearms       | |  3.9
Dodging        | |  1.9

Action                   |  1- 3 |  4- 6 || total
-------------------------+-------+-------++-------
Melee: Spear             |    84 |    21 ||   105
Invok: Berserk           |     2 |       ||     2
 Abil: Spit Poison       |     2 |     1 ||     3
  Use: Potion            |     2 |       ||     2
       Scroll            |     1 |       ||     1
Armor: Chain mail        |    48 |    27 ||    75
       Animal skin       |     3 |       ||     3
Dodge: Dodged            |    34 |    20 ||    54
